Map: Ulrena

Players

Blazeling - Winner!

  • Race: Zerg Zerg
  • League: Gold

BeagleBoy

  • Race: Protoss Protoss
  • League: Diamond

VOD

Have the link to the VOD?

Description

Time

  • Played on: Jan. 25, 2016, 8:07 p.m.
  • Length: 17:59
Show
View Real Time Build Order
Export as new Build Order

Blazeling Zerg - Winner!

Build Orders: 3 Hatch before Pool 

Get SALT Encoding   

  12  0:01  Drone  
  13  0:08  Drone  
  14  0:18  Overlord  
  14  0:36  Drone  
  14  0:37  Drone x2  
  17  0:55  Drone  
  18  0:58  Drone  
  19  1:07  Hatchery  
  19  1:09  Drone  
  19  1:29  Drone  
  19  1:31  Hatchery  
  20  1:32  Drone  
  20  1:42  Drone  
  20  1:46  Spawning Pool  
  20  1:51  Extractor  
  20  1:52  Drone  
  20  2:02  Overlord  
  20  2:14  Overlord  
  20  2:20  Drone  
  21  2:24  Drone  
  21  2:29  Drone  
  23  2:32  Queen  
  25  2:42  Drone x2  
  27  2:45  Queen  
  29  2:51  Drone x2  
  29  2:54  Drone  
  32  3:03  Queen  
  34  3:14  Drone x3  
  34  3:15  Drone x2  
  34  3:16  Drone  
  40  3:22  Lair  
  40  3:25  Extractor  
  39  3:27  Extractor  
  39  3:28  Extractor  
  37  3:41  Spore Crawler  
  35  3:43  Spore Crawler  
  35  3:45  Spore Crawler, Queen  
  35  3:47  Queen  
  37  4:00  Metabolic Boost  
  37  4:19  Drone  
  37  4:20  Drone x11  
  49  4:42  Overlord x3  
  49  4:43  Overlord  
  49  4:57  Roach Warren  
  49  4:59  Overlord x2  
  48  5:05  Hydralisk Den  
  47  5:13  Evolution Chamber, Drone x8  
  54  5:14  Evolution Chamber  
  53  5:34  Drone x2  
  53  5:35  Drone x4  
  59  5:36  Muscular Augments  
  59  5:41  Drone x3  
  59  5:42  Drone x2  
  64  5:52  Glial Reconstitution  
  64  5:54  Zerg Missile Weapons Level 1, Zerg Ground Armor Level 1  
  64  5:55  Zergling x4  
  66  6:00  Drone x2  
  68  6:16  Extractor  
  68  6:17  Extractor  
  66  6:21  Drone x2  
  66  6:22  Drone x6  
  72  6:45  Hydralisk  
  72  6:46  Hydralisk x4  
  82  6:49  Overlord x3  
  82  7:07  Overlord x2  
  82  7:08  Overlord x2  
  82  7:12  Infestation Pit  
  79  7:32  Spore Crawler  
  79  7:33  Hydralisk x8  
  79  7:34  Hydralisk x3  
  100  7:43  Hatchery  
  99  7:48  Pneumatized Carapace  
  99  7:49  Zergling x2  
  99  7:50  Zergling x6  
  103  8:03  Hatchery  
  102  8:18  Roach x10  
  122  8:36  Zerg Ground Armor Level 2, Zerg Missile Weapons Level 2  
  122  8:40  Hive  
  122  8:58  Ravager  
  122  8:59  Ravager x9  
  122  9:01  Overlord x4  
  122  9:02  Overlord x2  
  132  9:18  Hydralisk  
  132  9:19  Hydralisk x11  
  132  9:20  Hydralisk  
  158  9:30  Lurker Den  
  158  9:32  Drone  
  158  9:33  Drone x10  
  169  9:46  Spore Crawler  
  169  9:49  Spine Crawler  
  169  9:50  Spore Crawler, Spine Crawler  
  169  9:52  Spore Crawler  
  127  10:13  Roach x7  
  127  10:14  Roach x9  
  120  10:21  Roach  
  106  10:47  Hydralisk x7  
  106  10:48  Hydralisk x7  
  134  11:04  Ultralisk Cavern  
  133  11:06  Zergling x10  
  133  11:07  Zergling x2  
  133  11:09  Extractor  
  133  11:10  Extractor  
  137  11:34  Drone x3  
  137  11:35  Drone x14  
  137  11:36  Spire  
  148  11:54  Zergling x10  
  148  11:55  Zergling x6  
  148  12:16  Ultralisk x3  
  148  12:18  Hatchery  
  165  12:31  Spine Crawler x2  
  165  12:32  Spore Crawler  
  165  12:35  Spore Crawler  
  161  12:38  Spine Crawler, Zerg Missile Weapons Level 3  
  161  12:39  Spine Crawler  
  159  12:53  Hydralisk  
  159  12:54  Hydralisk x7  
  150  13:25  Roach x2  
  150  13:26  Roach x12  
  165  13:44  Overseer x4  
  149  13:52  Ultralisk  
  149  13:53  Ultralisk  
  159  14:11  Hydralisk  
  159  14:12  Hydralisk x6  
  173  14:24  Drone  
  173  14:25  Drone x7  
  181  14:40  Chitinous Plating  
  181  14:49  Spine Crawler  
  181  14:50  Spine Crawler  
  181  14:51  Spore Crawler  
  162  15:05  Roach  
  162  15:06  Roach x12  
  150  15:12  Spore Crawler  
  141  15:20  Hydralisk  
  141  15:21  Hydralisk x5  
  151  15:31  Drone x3  
  154  15:44  Zerg Melee Weapons Level 1  
  154  15:53  Zerg Flyer Armor Level 1  
  154  15:56  Extractor x2  
  152  16:08  Hydralisk  
  152  16:11  Ultralisk x2  
  160  16:12  Ultralisk  
  172  16:53  Ultralisk x2  
  184  17:00  Overlord x2  
  184  17:01  Overlord x2  
  184  17:08  Hatchery  
  183  17:13  Hatchery  
Show
View Real Time Build Order
Export as new Build Order

BeagleBoy Protoss 

Build Orders: Nexus First, Phoenix Opening 

Get SALT Encoding   

  12  0:01  Probe (Chrono Boost)  
  13  0:11  Probe (Chrono Boost)  
  14  0:19  Pylon  
  14  0:25  Probe (Chrono Boost)  
  15  0:37  Probe (Chrono Boost)  
  16  0:48  Probe (Chrono Boost)  
  17  0:58  Probe (Chrono Boost)  
  18  1:05  Nexus  
  18  1:15  Gateway  
  18  1:18  Probe (Chrono Boost)  
  19  1:27  Assimilator  
  19  1:28  Probe (Chrono Boost)  
  19  1:31  Assimilator  
  20  1:39  Probe (Chrono Boost)  
  21  1:49  Probe (Chrono Boost)  
  22  2:00  Probe (Chrono Boost)  
  23  2:13  Cybernetics Core  
  23  2:17  Probe (Chrono Boost)  
  23  2:18  Probe (Chrono Boost)  
  25  2:27  Probe (Chrono Boost)  
  25  2:29  Probe (Chrono Boost)  
  27  2:38  Probe (Chrono Boost)  
  27  2:39  Probe (Chrono Boost)  
  29  2:48  Probe (Chrono Boost)  
  29  2:49  Probe (Chrono Boost), Pylon  
  31  2:57  Stargate  
  33  3:04  Robotics Facility  
  33  3:13  Assimilator  
  33  3:16  Assimilator  
  33  3:18  Mothership Core  
  31  3:26  Gateway  
  33  3:39  Probe  
  34  3:44  Probe, Phoenix (Chrono Boost)  
  37  3:51  Probe, Pylon  
  37  3:54  Warp Gate (Chrono Boost)  
  37  3:55  Probe  
  39  4:03  Probe  
  39  4:08  Phoenix (Chrono Boost)  
  42  4:15  Nexus  
  42  4:17  Pylon  
  42  4:18  Pylon  
  42  4:22  Probe  
  43  4:27  Probe  
  43  4:28  Immortal (Chrono Boost)  
  48  4:33  Sentry  
  50  4:40  Probe  
  51  4:51  Phoenix  
  53  4:59  Sentry  
  55  5:10  Gateway  
  55  5:11  Gateway  
  55  5:16  Phoenix  
  61  5:36  Immortal (Chrono Boost)  
  61  5:41  Gateway x2  
  61  5:45  Gateway  
  61  5:53  Forge  
  61  5:58  Forge  
  61  6:01  Pylon  
  61  6:04  Pylon  
  61  6:06  Pylon  
  61  6:10  Pylon  
  61  6:18  Zealot x2  
  65  6:31  Phoenix (Chrono Boost)  
  67  6:35  Stalker  
  67  6:36  Stalker  
  67  6:37  Probe x2  
  67  6:38  Probe  
  74  6:51  Probe  
  74  6:52  Stargate  
  74  6:53  Stargate  
  75  6:55  Phoenix (Chrono Boost)  
  75  6:56  Robotics Bay  
  75  6:57  Probe x2  
  79  7:03  Probe, Photon Cannon  
  79  7:08  Probe  
  80  7:14  Probe  
  81  7:15  Probe  
  81  7:18  Probe  
  84  7:27  Probe  
  85  7:31  Phoenix (Chrono Boost)  
  85  7:34  Protoss Air Weapons Level 1 (Chrono Boost)  
  87  7:38  Immortal  
  87  7:41  Stalker x4  
  99  7:48  Twilight Council  
  99  7:53  Phoenix  
  99  7:55  Phoenix  
  103  8:06  Probe x2  
  103  8:08  Probe  
  106  8:14  Assimilator  
  106  8:16  Assimilator  
  106  8:25  Nexus  
  106  8:27  Pylon  
  102  8:28  Pylon  
  98  8:35  Disruptor (Chrono Boost)  
  101  9:00  Zealot x2  
  101  9:01  Zealot x5  
  115  9:04  Disruptor (Chrono Boost)  
  115  9:07  Blink (Chrono Boost)  
  118  9:22  Probe x2 (Chrono Boost)  
  118  9:23  Probe (Chrono Boost)  
  121  9:32  Probe, Protoss Ground Weapons Level 1 (Chrono Boost)  
  121  9:34  Forge  
  121  9:35  Probe  
  123  9:39  Disruptor, Forge  
  123  9:40  Dark Shrine  
  124  10:04  Stalker  
  124  10:05  Stalker x3  
  124  10:06  Stalker  
  117  10:14  Stalker x2, Disruptor  
  104  10:26  Probe x2  
  104  10:27  Probe  
  103  10:36  Probe  
  103  10:37  Probe  
  103  10:39  Probe  
  106  10:50  Disruptor (Chrono Boost)  
  103  11:02  Protoss Ground Armor Level 1 (Chrono Boost)  
  103  11:04  Dark Templar x3  
  103  11:05  Dark Templar  
  105  11:57  Stalker x2  
  105  11:58  Stalker x3  
  105  11:59  Stalker  
  113  12:12  Probe x3  
  113  12:13  Probe  
  117  12:17  Photon Cannon  
  117  12:21  Photon Cannon  
  117  12:23  Photon Cannon  
  117  12:25  Probe  
  117  12:26  Photon Cannon  
  117  12:28  Observer (Chrono Boost), Photon Cannon  
  119  12:30  Protoss Ground Weapons Level 2 (Chrono Boost), Photon Cannon  
  119  12:33  Photon Cannon  
  119  12:34  Dark Templar x2  
  119  12:35  Photon Cannon  
  123  12:37  Photon Cannon  
  123  12:39  Pylon  
  123  12:41  Pylon  
  123  12:44  Pylon  
  123  12:49  Observer (Chrono Boost)  
  124  12:52  Robotics Facility  
  124  12:53  Nexus  
  124  12:54  Robotics Facility  
  124  12:56  Pylon  
  124  12:58  Pylon  
  124  13:00  Stalker x2, Pylon  
  128  13:08  Disruptor (Chrono Boost)  
  90  13:28  Dark Templar x3  
  96  13:39  Disruptor (Chrono Boost)  
  99  13:57  Zealot x4  
  113  14:06  Disruptor x2 (Chrono Boost)  
  116  14:10  Disruptor (Chrono Boost)  
  102  14:45  Protoss Ground Armor Level 2 (Chrono Boost)  
  66  15:20  Stalker x2  
  66  15:21  Stalker x2  
  60  15:31  Disruptor x2 (Chrono Boost)  
  65  15:38  Zealot x2  
  69  15:43  Nexus  
  69  15:52  Zealot x4  
  77  16:01  Nexus, Disruptor (Chrono Boost)  
  80  16:11  Nexus  
  80  16:18  Pylon  
  80  16:20  Pylon  
  80  16:22  Pylon  
  78  16:33  Nexus  
  76  16:53  Disruptor (Chrono Boost)  
  79  17:00  Nexus  
Tags
 
Add a new tag
Caveats
  • Supply blocks, unpowered buildings, or Contaminate may cause inaccurate times.
  • Supply counts are checked every 10 seconds.